 Dungeon Crawl Stone Soup version 0.28.0-53-g5a82cb258f (webtiles) character file.

Game seed: 5980066429185702743

525 LustLizard the Chopper (level 7, -3/61 HPs)
             Began as a Minotaur Berserker on July 10, 2022.
             Was a Believer of Trog.
             Splashed by a jelly's acid (8 damage)
             ... on level 4 of the Dungeon.
             The game lasted 00:05:38 (3914 turns).

LustLizard the Chopper (Minotaur Berserker)         Turns: 3914, Time: 00:05:39

Health: -3/61      AC:  2    Str: 24    XL:     7   Next: 2%
Magic:  6/6        EV: 11    Int:  4    God:    Trog [**....]
Gold:   172        SH:  0    Dex:  9    Spells: 6/6 levels left

rFire   . . .      SeeInvis .   a - +0 hand axe
rCold   . . .      Faith    .   (no shield)
rNeg    . . .      Spirit   .   h - +4 ring mail
rPois   .          Reflect  .   (helmet restricted)
rElec   .          Harm     .   q - +0 cloak
rCorr   .          Rampage  .   (no gloves)
Will    .....                   (no boots)
Stlth   ..........              (no amulet)
HPRegen 0.20/turn               (no ring)
MPRegen 0.10/turn               (no ring)

@: corroded
A: horns 2, retaliatory headbutt
a: Renounce Religion, Berserk, Trog's Hand


You were on level 4 of the Dungeon.
You worshipped Trog.
Trog was pleased with you.
You visited 1 branch of the dungeon, and saw 4 of its levels.

You collected 172 gold pieces.

Inventory:

Hand Weapons
 a - a +0 hand axe (weapon)
Missiles
 g - 132 stones (quivered)
 n - 2 javelins
Armour
 b - a +0 animal skin
 c - a +0 leather armour
 h - a +4 ring mail (worn)
 q - a +0 cloak (worn)
Jewellery
 t - the ring of Satisfaction {Fly rN+}
   (You found it on level 3 of the Dungeon)

   [ring of flight]

   rN:        It protects you from negative energy.
   Fly:       It grants you flight.
Scrolls
 i - a scroll of enchant armour {unknown}
 j - a scroll of acquirement {unknown}
 k - 2 scrolls of teleportation {unknown}
 m - a scroll of enchant weapon {unknown}
 o - a scroll of amnesia {unknown}
 s - a scroll of blinking {unknown}
 u - a scroll of fear {unknown}
 v - a scroll of torment {unknown}
 x - a scroll of identify {unknown}
 y - 2 scrolls of immolation {unknown}
Potions
 d - a potion of berserk rage {unknown}
 e - 3 potions of haste {unknown}
 f - 2 potions of mutation {unknown}
 l - 2 potions of heal wounds {unknown}
 p - a potion of resistance {unknown}
 r - a potion of curing {unknown}
 w - a potion of magic {unknown}
 z - a potion of attraction {unknown}


   Skills:
 + Level 5.4 Fighting
 * Level 6.8 Axes
 * Level 4.2 Throwing
 - Level 2.4 Armour
 - Level 2.1 Dodging


You had 6 spell levels left.
You didn't know any spells.
Your spell library was empty.

Dungeon Overview and Level Annotations

Branches:
Dungeon (4/15)
 Temple: D:4-7

Altars:
Ashenzari


Innate Abilities, Weirdness & Mutations

You have a pair of horns on your head.
You reflexively headbutt those who attack you in melee.


Message History

You kill the goblin!
Trog accepts your kill.
You hit the jelly.
Your hands burn!
The jelly is lightly wounded.
The jelly hits you.
You are splashed with acid!
You hit the jelly.
Your hands burn!
The jelly is lightly wounded.
The jelly jiggles.
The jelly closely misses you. You furiously retaliate!
You headbutt the jelly. You slash the jelly! The acid corrodes you!
Your hands burn!
The jelly is severely wounded.
The jelly barely misses you.
You hit the jelly. The acid corrodes you!
Your hands burn!
Your headbutt misses the jelly.
The jelly is almost dead.
You closely miss the goblin. The goblin barely misses you.
The jelly barely misses you.
You hit the jelly but do no damage.
Your hands burn!
The jelly is almost dead.
You hit the goblin.
You kill the goblin!
Trog accepts your kill. The jelly hits you but does no damage.
You hit the jelly.
Your hands burn!
The jelly is almost dead.
The jelly hits you but does no damage.
You barely miss the jelly.
The jelly is almost dead.
The jelly hits you.
You are splashed with acid.
You hit the jelly but do no damage.
Your hands burn!
The jelly is almost dead.
The jelly hits you.
You are splashed with acid!
* * * LOW HITPOINT WARNING * * *
You hit the jelly but do no damage.
Your hands burn!
* * * LOW HITPOINT WARNING * * *
The jelly is almost dead.
The jelly hits you.
* * * LOW HITPOINT WARNING * * *
The acid corrodes you!
You are splashed with acid!
You die...

#.........#...........
#.........#.##....##.#
.........'.##†...##.#
#.##......####.)†.##.#
#.........# #....##.#
#####[....####[...##[#
#............'....'...
#.#.####.#######....##..
#..>..)@............'...
......J.########....####
........# #..........
........# #......####
........# #......#
........# #......#
#.......# ######.#
..####### #.# #.#


You could see a jelly.

Vanquished Creatures
  Sigmund (D:2)
  A black bear (D:4)
  A hound (D:4)
  Crazy Yiuf (D:2)
  Natasha (thrice) (D:2)
  4 gnolls
  4 adders (D:2)
  A worm (D:4)
  3 dart slugs
  5 orcs (D:3)
  9 ball pythons
  6 endoplasms
  A giant cockroach (D:1)
  5 goblins
  5 hobgoblins
  3 jackals (D:4)
  8 kobolds
  A quokka (D:1)
  5 bats
  3 frilled lizards (D:2)
  A quokka skeleton (D:4)
  4 rats
75 creatures vanquished.

Vanquished Creatures (others)
  A fungus (D:2)
1 creature vanquished.

Grand Total: 76 creatures vanquished

Notes
Turn   | Place    | Note
-------+----------+-------------------------------------------
     0 | D:1      | LustLizard the Minotaur Berserker began the quest for the
                  | Orb.
     0 | D:1      | Reached XP level 1. HP: 19/19 MP: 0/0
    84 | D:1      | Reached skill level 4 in Axes
   103 | D:1      | Reached XP level 2. HP: 23/27 MP: 1/1
   823 | D:1      | Reached XP level 3. HP: 28/33 MP: 2/2
   865 | D:1      | Found a faded altar of an unknown god.
   885 | D:1      | Reached skill level 1 in Throwing
  1544 | D:2      | Noticed Sigmund
  1551 | D:2      | Killed Sigmund
  1552 | D:2      | Reached skill level 5 in Axes
  1552 | D:2      | Reached XP level 4. HP: 41/41 MP: 3/3
  1552 | D:2      | Reached XP level 5. HP: 47/47 MP: 4/4
  1652 | D:2      | Noticed Natasha
  1657 | D:2      | Killed Natasha
  1868 | D:2      | Noticed Natasha
  1873 | D:2      | Killed Natasha
  1873 | D:2      | Reached ** piety under Trog
  1874 | D:2      | Reached skill level 6 in Axes
  1941 | D:2      | Found a broken altar of Ashenzari.
  2070 | D:2      | Reached XP level 6. HP: 55/55 MP: 5/5
  2170 | D:2      | Noticed Natasha
  2180 | D:2      | Killed Natasha
  2181 | D:2      | Reached skill level 5 in Fighting
  2506 | D:2      | Found a runed translucent door.
  2507 | D:2      | Noticed Crazy Yiuf
  2514 | D:2      | Killed Crazy Yiuf
  3205 | D:3      | Identified the ring of Satisfaction {Fly rN+}
  3681 | D:4      | Identified the +1 leather armour "Biuj" {Contam Rampage
                  | rN+++ Stlth+}
  3847 | D:4      | Reached XP level 7. HP: 53/61 MP: 6/6
  3914 | D:4      | Splashed by a jelly's acid

Illustrated notes

Levels and vault maps discovered:
D:1:      dpeg_arrival_long_road, layout_loops_ring,
          ebering_ecumenical_altar_abandoned
D:2:      layout_basic, basic_altar, uniq_natasha, uniq_sigmund,
          uniq_crazy_yiuf_cottage
D:3:      layout_basic
D:4:      layout_basic, nicolae_underground_beach

Skill      XL: |  1  2  3  4  5  6 |
---------------+-------------------+-----
Axes           | 4 5 6 |  6.8
Fighting       | 4 5 |  5.4
Throwing       | 2 3 4 |  4.2
Armour         | |  2.4
Dodging        | |  2.1

Action                   |  1- 3 |  4- 6 |  7- 9 || total
-------------------------+-------+-------+-------++-------
Melee: Hand axe          |    69 |   108 |    15 ||   192
       Headbutt          |     7 |    21 |       ||    28
       Punch             |     2 |     1 |       ||     3
Throw: Stone             |       |    32 |       ||    32
Invok: Berserk           |     2 |     1 |       ||     3
Armor: Leather armour    |    19 |       |       ||    19
       Ring mail         |    19 |    43 |     3 ||    65
Dodge: Dodged            |    34 |    52 |     5 ||    91
